Unix NetHack Version 5.0.0-0 post-release - last build May  4 2026 22:22:43 (774f63e81ad911689b3a0859ea89b322d5daca8d,branch:main).

Game began 2026-05-09 17:33:29, ended 2026-05-09 17:48:48.

Ackbladder, neutral female gnomish Wizard

                               --------------           ----------
                               |......^....>|          #.........|
                        #######.............-#         #|........|
                       ##      ----|---------##        #|........|
                     `##           #          #        #|........|
                     #             #          #        #---|------
                    ##           ###          #        ##  ######
          -------- #`    --------|-------     #         #       #
          |......| #    #-..............|     #         #       #
          |..*...|#d#####|..........*...|     #         #      -.---    -----
          |......|Fd     |...............#############  #      |....####|..^|
          |<^....@d#     |..............|  #*################  |...|   #|...|
          |......|       ----------------      #--------##  ###-..(|   #-...|
          --------                             #.....^.|#####  |.._|    |.^.|
                                                |......|#   ###....|    -----
                                                |.......#      -----
                                                |......|
                                                --------

Ackbladder the Conjurer   St:11 Dx:11 Co:13 In:19 Wi:11 Ch:11  Neutral
Dlvl:1  $:11 HP:0(33) Pw:3(50) AC:9  Xp:4 T:4036  Fainting

Latest messages:
 You avoid harm.
 The grid bug bites!
 You get zapped!
 The grid bug bites!
 You get zapped!
 The grid bug bites!
 You get zapped!
 The grid bug bites!
 You get zapped!
 The grid bug bites!
 You get zapped!
 The grid bug bites!
 You get zapped!
 The grid bug bites!
 You get zapped!
 The grid bug bites!
 You get zapped!
 You regain consciousness.
 You kill the grid bug!
 You faint from lack of food.
 You regain consciousness.
 You faint from lack of food.
 The lichen touches you!
 The coyote bites!
 The coyote bites!
 The coyote bites!
 The coyote bites!
 You regain consciousness.
 You cannot escape from the lichen!
 The coyote bites!
 The lichen touches you!
 You can hear again.
 Are you sure you want to pray? [yn] (n) y
 You begin praying to Thoth.
 The coyote bites!
 The coyote bites!
 The coyote bites!
 The lichen touches you!
 You finish your prayer.
 The voice of Thoth booms: 
 "Thou art arrogant, mortal."
 "Thou must relearn thy lessons!"
 You feel foolish!
 Goodbye level 5.
 What do you want to write with? [- ac-envxEX or ?*] ?
 Never mind.
 What do you want to zap? [c or ?*] c
 The coyote bites!
 You die...
 Do you want your possessions identified? [ynq] (y) q

Inventory:
 Coins    ('$')
  $ - 11 gold pieces
 Weapons  (')')
  E - a +0 sling
  v - 5 +1 darts
  x - 8 +0 darts
  X - 2 +0 daggers
  a - a blessed +1 quarterstaff (weapon in hands)
 Armor    ('[')
  B - an uncursed +0 orcish helm
  D - an uncursed +0 orcish helm
  Z - an uncursed +0 orcish helm
  b - an uncursed +0 cloak of magic resistance (being worn)
 Scrolls  ('?')
  K - an uncursed scroll of blank paper
  j - an uncursed scroll of earth
  k - an uncursed scroll of enchant armor
  J - an uncursed scroll of genocide
  i - an uncursed scroll of magic mapping
  m - a cursed scroll of remove curse
  N - an uncursed scroll of scare monster
 Potions  ('!')
  f - an uncursed potion of gain level
  g - an uncursed potion of levitation
  M - a blessed potion of oil
  A - an uncursed potion of paralysis
  o - an uncursed potion of sleeping
  h - 2 potions of holy water
 Rings    ('=')
  d - an uncursed ring of polymorph control
  e - an uncursed ring of searching (on right hand)
 Wands    ('/')
  c - a wand of stasis (0:3)
 Tools    ('(')
  n - a magic marker (0:19)
  r - an uncursed skeleton key
  C - a cursed skeleton key
  q - an uncursed tin whistle

Ackbladder the Wizard's attributes:

Background:
 You were a Conjurer, a level 4 female gnomish Wizard.
 You were neutral, on a mission for Thoth
 who was opposed by Ptah (lawful) and Anhur (chaotic).
 You were right-handed.
 You were in the Dungeons of Doom, on level 1.
 You entered the dungeon 4036 turns ago.
 You had 159 experience points, 1 more was needed to attain level 5.

Basics:
 You had 0 out of 33 hit points.
 You had 3 out of 50 energy points (spell power).
 Your armor class was 9.
 Your wallet contained 11 zorkmids.
 Autopickup was off.

Final Characteristics:
 Your strength was 11 (base:12, limit:18/50).
 Your dexterity was 11 (limit:18).
 Your constitution was 13 (limit:18).
 Your intelligence was 19 (limit:19).
 Your wisdom was 11 (peak:12, limit:18).
 Your charisma was 11 (limit:18).

Final Status:
 You were held by a lichen (northeast).
 You were fainting due to starvation.
 You were unencumbered.
 You were wielding a quarterstaff.
 You had basic skill with quarterstaff and could have enhanced that.

Final Attributes:
 You were piously aligned.
 You were magic-protected.
 You had automatic searching.
 You had infravision.
 You were warded.
 You were unlucky.
 Thoth was angry with you.
 You are dead.

Miscellaneous:
 You didn't encounter any bones levels.
 Total elapsed playing time was 15 minutes and 18 seconds.

Major events:
 Turn
    1: Ackbladder the neutral female gnomish Wizard entered the dungeon
  770: attained the rank of Conjurer (level 3)
 4036: killed by a coyote

Spells:
 Name                 Level Category     Fail Retention
 force bolt             1   attack         0%   71%-80%
 magic missile          2   attack         0%   71%-80%
 healing                1   healing        0%  76%-100%
 detect food            2   divination     0%   81%-90%
 extra healing          3   healing       72%  76%-100%

Skills:
 Fighting Skills
   bare handed combat [Unskilled]
   riding             [Unskilled]
 Weapon Skills
   dagger             [Unskilled]
   knife              [Unskilled]
   axe                [Unskilled]
   short sword        [Unskilled]
   club               [Unskilled]
   mace               [Unskilled]
   quarterstaff       [Basic]
   polearms           [Unskilled]
   spear              [Unskilled]
   trident            [Unskilled]
   sling              [Unskilled]
   dart               [Unskilled]
   shuriken           [Unskilled]
 Spellcasting Skills
   attack spells      [Basic]
   healing spells     [Unskilled]
   divination spells  [Basic]
   enchantment spells [Basic]
   clerical spells    [Unskilled]
   escape spells      [Unskilled]
   matter spells      [Unskilled]

Voluntary challenges:
 Character rerolling was not enabled.
 You never genocided any monsters.
 You never polymorphed an object.
 You never changed form.
 You used no wishes.
Achievements:
 You entered a shop.
 You attained the rank of Conjurer.

 The Dungeons of Doom: levels 1 to 3
    Level 1: <- You were here.
       An altar to Thoth.
       Final resting place for
          you, killed by a coyote.
    Level 2:
       A food shop, an altar, a fountain.
    Level 3:


Vanquished creatures:
  2 shriekers
  a homunculus
  2 giant bats
 an iguana
 an acid blob
 10 coyotes
  a gas spore
  3 hobbits
  a large kobold
  a brown mold
  a red mold
  3 gnome zombies
  3 geckos
 15 jackals
  2 foxes
  a kobold
  5 goblins
  3 sewer rats
 10 grid bugs
  a bat
  8 lichens
  2 kobold zombies
  5 newts
82 creatures vanquished.

No species were genocided or became extinct.

Game over:
                       ----------
                      /          \
                     /    REST    \
                    /      IN      \
                   /     PEACE      \
                  /                  \
                  |    Ackbladder    |
                  |      11 Au       |
                  |   killed by a    |
                  |      coyote      |
                  |                  |
                  |                  |
                  |       2026       |
                 *|     *  *  *      | *
        _________)/\\_//(\/(/\)/\//\/|_)_______

Goodbye Ackbladder the Wizard...

You died in The Dungeons of Doom on dungeon level 1 with 898 points,
and 11 pieces of gold, after 4036 moves.
You were level 4 with a maximum of 33 hit points when you died.

